 Dungeon Crawl Stone Soup version 0.27.1-33-g824d729ab1 (webtiles) character file.

Game seed: 10736599452038027395

53 zeram the Shield-Bearer (level 3, 0/23 HPs)
             Began as a Gargoyle Fighter on Dec 14, 2021.
             Slain by Sigmund (5 damage)
             ... on level 2 of the Dungeon.
             The game lasted 00:02:20 (1465 turns).

zeram the Shield-Bearer (Gargoyle Fighter)          Turns: 1465, Time: 00:02:21

Health: 0/23       AC: 14    Str: 20    XL:     3   Next: 87%
Magic:  3/3        EV:  3    Int:  8    God:
Gold:   52         SH:  9    Dex:  9    Spells: 2/2 levels left

rFire    . . .     SeeInvis .   a - +0 flail
rCold    . . .     Faith    .   c - +0 kite shield
rNeg     + . .     Spirit   .   g - +0 plate armour
rPois    ∞         Reflect  .   (no helmet)
rElec    +         Harm     .   (no cloak)
rCorr    .         Rampage  .   (no gloves)
Will     .....                  (no boots)
Stlth    ..........             (no amulet)
HPRegen  0.07/turn              (no ring)
MPRegen  0.08/turn              (no ring)

@: mighty
A: sickness immunity, AC +3, negative energy resistance 1, electricity
resistance, torment resistance 1, petrification resistance
a: no special abilities


You were on level 2 of the Dungeon.
You visited 1 branch of the dungeon, and saw 2 of its levels.

You collected 52 gold pieces.

Inventory:

Hand Weapons
 a - a +0 flail (weapon)
Armour
 b - a +0 scale mail
 c - a +0 kite shield (worn)
 g - a +0 plate armour (worn)
Scrolls
 e - a scroll of amnesia
 i - a scroll of identify {unknown}
Potions
 f - a potion of lignification {unknown}
 h - 2 potions of curing {unknown}
 j - a potion of resistance {unknown}


   Skills:
 + Level 3.6 Fighting
 + Level 2.8 Maces & Flails
 + Level 3.6 Armour
 + Level 3.9 Shields


You had 2 spell levels left.
You didn't know any spells.
Your spell library contained the following spells:

 Spells                   Type           Power      Damage    Failure   Level
 Dazzling Flash           Conj/Hex       0%         N/A       100%        3
 Iskenderun's Mystic Bla  Conj/Tloc      0%         2d3       100%        4
 Starburst                Conj/Fire      0%         6d3       100%        6


Dungeon Overview and Level Annotations

Branches:
Dungeon (2/15)

Altars:

Annotations:
D:2 Sigmund


Innate Abilities, Weirdness & Mutations

You are immune to sickness and miasma.
Your stone body is resilient. (AC +3)
You are immune to poison.
You resist negative energy. (rN+)
You are resistant to electric shocks. (rElec)
You are resistant to unholy torment.
You are immune to petrification.


Message History

Sigmund the Dreaded comes into view.
He is wielding a +2 vorpal scythe.
Sigmund shouts!
Sigmund is nearby!
Sigmund is nearby!
Sigmund is nearby!
Sigmund is nearby!
Sigmund is nearby!
Sigmund is nearby!
Sigmund is nearby!
Sigmund is nearby!
Sigmund mumbles some strange words.
Sigmund flickers and vanishes!
Deactivating autopickup; reactivate with Ctrl-A.
No target in view!
No target in view!
Okay, then.
You are confused.
You bump into the rock wall.
Unknown command.
You're too confused to move!
Something hits you but does no damage.
You bump into the rock wall.
Something hits you but does no damage.
You feel less confused.
Unknown command.
You block something's attack.
You feel very mighty all of a sudden. You block something's attack.
You miss something. Something hits you but does no damage.
You sock something! Something hits you but does no damage.
You closely miss something.
You hear some strange, mumbled words.
Something tries to affect you, but you resist.
You miss something. Something hits you but does no damage.
You sock something! Something hits you but does no damage.
You closely miss something. Something hits you!
You miss something. Something hits you.
You barely miss something. Something hits you.
* * * LOW HITPOINT WARNING * * *
x2 You closely miss something.
Something hits you.
You die...

.....# #...## ##..# #.
....# #.
....#####.###.
..............
....#########.## ..(.#
#####...#######
.##..........#.{@....#
.###### #>..#####.# .#
##........###### ..
.......>.............
##
##...#..#####..######
##. #..# #..# # #..#
#..#######.# #..#
#.......##.# #..#
##.####.##.#


There were no monsters in sight!

Vanquished Creatures
  2 adders (D:2)
  A worm (D:2)
  A dart slug (D:2)
  2 ball pythons (D:1)
  5 endoplasms
  2 giant cockroaches
  2 goblins (D:1)
  5 hobgoblins (D:1)
  A quokka (D:2)
  2 bats
  3 kobolds
  2 rats (D:1)
28 creatures vanquished.

Notes
Turn   | Place    | Note
-------+----------+-------------------------------------------
     0 | D:1      | zeram the Gargoyle Fighter began the quest for the Orb.
     0 | D:1      | Reached XP level 1. HP: 14/14 MP: 1/1
   450 | D:1      | Reached XP level 2. HP: 14/19 MP: 2/2
  1023 | D:2      | Reached XP level 3. HP: 23/23 MP: 3/3
  1181 | D:2      | Found a faded altar of an unknown god.
  1443 | D:2      | Noticed Sigmund
  1465 | D:2      | Slain by Sigmund

Illustrated notes

Levels and vault maps discovered:
D:1:      kennysheep_arrival_forest, layout_rooms
D:2:      layout_loops_ring, ebering_ecumenical_altar_abandoned,
          uniq_crazy_yiuf_cottage, uniq_sigmund

Action                   || total
-------------------------++-------
Melee: Flail             ||    94
  Use: Scroll            ||     2
       Potion            ||     1
Armor: Scale mail        ||    31
       Plate armour      ||    20
Dodge: Dodged            ||    23
Block: Kite shield       ||    35
